 Dungeon Crawl Stone Soup version 0.29-a0-542-g075992c915 (webtiles) character file.

Game seed: 2277641881481342983

1696 Crownlay the Cleaver (level 9, -2/74 HPs)
             Began as a Hill Orc Fighter on June 3, 2022.
             Was a Priest of Okawaru.
             Shot with an arrow by a centaur (5 damage)
             ... on level 6 of the Dungeon.
             The game lasted 00:07:06 (5942 turns).

Crownlay the Cleaver (Hill Orc Fighter)             Turns: 5942, Time: 00:07:07

Health: -2/74      AC:  7    Str: 23    XL:     9   Next: 3%
Magic:  13/13      EV:  9    Int:  8    God:    Okawaru [***...]
Gold:   180        SH:  5    Dex: 10    Spells: 8/8 levels left

rFire   . . .      SeeInvis +   a - +0 war axe
rCold   . . .      Faith    +   c - +0 buckler
rNeg    . . .      Spirit   .   b - +0 scale mail
rPois   .          Reflect  .   (no helmet)
rElec   .          Harm     .   (no cloak)
rCorr   .          Rampage  .   (no gloves)
Will    .....                   (no boots)
Stlth   ..........              m - amulet of faith
HPRegen 0.22/turn               k - ring of flight
MPRegen 0.13/turn               p - ring of see invisible

@: about to teleport, flying
A: no striking features
a: Renounce Religion, Heroism


You were on level 6 of the Dungeon.
You worshipped Okawaru.
Okawaru was most pleased with you.
You visited 1 branch of the dungeon, and saw 6 of its levels.

You collected 180 gold pieces.

Inventory:

Hand Weapons
 a - a +0 war axe (weapon)
Armour
 b - a +0 scale mail (worn)
 c - a +0 buckler (worn)
 r - a +0 pair of gloves
Jewellery
 g - an amulet of reflection
 i - a ring of fire
 k - a ring of flight (left hand)
 m - an amulet of faith (around neck)
 p - a ring of see invisible (right hand)
Scrolls
 e - a scroll of enchant armour
 f - a scroll of identify
 h - 2 scrolls of amnesia
 j - a scroll of teleportation
 o - a scroll of blinking
Potions
 d - 2 potions of might
 l - a potion of haste {unknown}
 n - 2 potions of resistance
 q - a potion of flight {unknown}


   Skills:
 - Level 5.0 Fighting
 * Level 10.3 Axes
 - Level 5.0 Armour
 + Level 6.3 Shields
 + Level 5.8 Invocations


You had 8 spell levels left.
You didn't know any spells.
Your spell library contained the following spells:

 Spells                   Type           Power      Damage    Failure   Level
 Foxfire                  Conj/Fire      0%         2x1d4     80%         1
 Slow                     Hex            0%         N/A       80%         1
 Static Discharge         Conj/Air       0%         N/A       90%         2
 Confusing Touch          Hex            0%         N/A       99%         3
 Conjure Flame            Conj/Fire      0%         6-21      99%         3
 Inner Flame              Hex/Fire       0%         N/A       99%         3
 Vampiric Draining        Necr           0%         2d6       99%         3
 Flame Wave               Conj/Fire      0%         2d4       100%        4
 Lightning Bolt           Conj/Air       0%         1d11      100%        5
 Eringya's Noxious Bog    Tmut/Pois      0%         N/A       100%        6
 Maxwell's Capacitive Co  Air            0%         ∞         100%        8
 Summon Forest            Summ/Tloc      Unusable   N/A       N/A         5
 Summon Hydra             Summ           Unusable   N/A       N/A         7

Dungeon Overview and Level Annotations

Branches:
Dungeon (6/15)
 Temple: D:4-7

Altars:
Elyvilon
Fedhas
Kikubaaqudgha
Okawaru
Yredelemnul

Annotations:
D:4 2 transporters, Menkaure


Message History

You hit the orc warrior.
The orc warrior is heavily wounded.
The orc warrior closely misses you.
The orc priest looks encouraged for a moment.
You closely miss the orc warrior.
The orc warrior is heavily wounded.
You closely miss the orc warrior.
The orc warrior is heavily wounded.
The orc warrior barely misses you.
The orc priest looks satisfied for a moment.
You slash the orc warrior!
The orc warrior is severely wounded.
The orc warrior hits you with a +0 dire flail.
* * * LOW HITPOINT WARNING * * *
You hit the orc warrior.
The orc warrior is almost dead.
The orc warrior hits you with a +0 dire flail!
* * * LOW HITPOINT WARNING * * *
You slash the orc warrior!
You kill the orc warrior!
Okawaru accepts your kill.
You have reached level 9!
Your experience leads to an increase in your attributes!
Increase (S)trength, (I)ntelligence, or (D)exterity?
You feel stronger. x2
Okay, then.
You barely miss the orc.
Blink to where?
Press: ? - help, Dir - move target
As you read the scroll of blinking, it crumbles to dust.
Found a stone staircase leading down.
A centaur comes into view.
It is wielding a +2 falchion of protection.
You feel like a meek peon again.
The centaur unwields a +2 falchion of protection.
The centaur wields a +0 shortbow.
The centaur shoots an arrow.
The arrow hits you.
* * * LOW HITPOINT WARNING * * *
As you read the scroll of teleportation, it crumbles to dust.
You feel strangely unstable.
The centaur shoots an arrow.
The arrow hits you.
You die...

#.......# ##.#
###.....####.###
##.......<...#
#.....####...##
#.#...# ##.... #.....#
##... .##### #..#####
##.# ...... ###..# #.#
...#. #@[.# #.#
#.#.####..## #.#
#.........# #.[
##>#...#### ##.
######.....### #.
^....c.......#
#######. ...###c######
#....... #.###o######
#####.######
#..........#####.....#


You could see a centaur and an orc.

Vanquished Creatures
  Pikel (D:5)
  Grinder (D:4)
  A water moccasin (D:5)
  An orc warrior (D:6)
  An ogre (D:5)
  2 lemures (D:5)
  3 scorpions
  2 jellies
  5 iguanas
  Ijyb (D:5)
  7 orc wizards
  11 adders
  A worm (D:4)
  6 dart slugs
  13 orcs
  4 bats
  9 endoplasms
  4 giant cockroaches
  5 goblins
  5 hobgoblins
  4 jackals
  6 kobolds
  3 quokkas
  9 ball pythons
  3 frilled lizards
  7 rats
115 creatures vanquished.

Vanquished Creatures (others)
  3 plants (D:5)
3 creatures vanquished.

Grand Total: 118 creatures vanquished

Notes
Turn   | Place    | Note
-------+----------+-------------------------------------------
     0 | D:1      | Crownlay the Hill Orc Fighter began the quest for the Orb.
     0 | D:1      | Reached XP level 1. HP: 19/19 MP: 1/1
    56 | D:1      | Reached skill level 3 in Axes
   193 | D:1      | Reached XP level 2. HP: 26/26 MP: 2/2
   337 | D:1      | Reached skill level 4 in Axes
   578 | D:1      | Reached XP level 3. HP: 31/31 MP: 3/3
   953 | D:2      | Reached skill level 5 in Axes
  1124 | D:2      | Reached XP level 4. HP: 17/39 MP: 4/4
  1382 | D:2      | Found an iron altar of Okawaru.
  1400 | D:2      | Became a worshipper of Warmaster Okawaru
  1849 | D:2      | Reached skill level 6 in Axes
  2218 | D:3      | Reached XP level 5. HP: 30/46 MP: 5/5
  2297 | D:3      | Reached skill level 1 in Invocations
  2450 | D:3      | Found a faded altar of an unknown god.
  2923 | D:4      | Reached XP level 6. HP: 28/52 MP: 7/7
  3147 | D:4      | Reached * piety under Okawaru
  3148 | D:4      | Reached skill level 7 in Axes
  3161 | D:4      | Noticed Grinder
  3363 | D:4      | Paralysed by Grinder for 3 turns
  3370 | D:4      | Paralysed by Grinder for 2 turns
  3373 | D:4      | Killed Grinder
  3374 | D:4      | Reached XP level 7. HP: 41/60 MP: 6/9
  3526 | D:4      | Found a transporter.
  3800 | D:4      | Found a transporter.
  3815 | D:4      | Found a basalt altar of Yredelemnul.
  3819 | D:4      | Noticed Menkaure
  3825 | D:4      | Found an ancient bone altar of Kikubaaqudgha.
  4230 | D:5      | Entered Level 5 of the Dungeon
  4301 | D:5      | Reached skill level 5 in Fighting
  4301 | D:5      | Reached skill level 8 in Axes
  4348 | D:5      | Reached ** piety under Okawaru
  4435 | D:5      | Noticed Ijyb
  4438 | D:5      | Paralysed by Ijyb for 2 turns
  4442 | D:5      | Paralysed by Ijyb for 3 turns
  4455 | D:5      | Killed Ijyb
  4575 | D:5      | Reached XP level 8. HP: 60/68 MP: 9/11
  4606 | D:5      | Noticed Pikel
  4607 | D:5      | Found a blossoming altar of Fedhas.
  4615 | D:5      | Killed Pikel
  4616 | D:5      | Reached skill level 9 in Axes
  4616 | D:5      | Reached skill level 5 in Armour
  4616 | D:5      | Reached skill level 5 in Shields
  4616 | D:5      | Reached skill level 5 in Invocations
  4990 | D:5      | Found a white marble altar of Elyvilon.
  4998 | D:5      | Reached *** piety under Okawaru
  5652 | D:6      | Reached skill level 10 in Axes
  5921 | D:6      | HP: 1/68 [orc warrior/+0 dire flail (17)]
  5923 | D:6      | Reached XP level 9. HP: 1/74 MP: 11/13
  5940 | D:6      | HP: 2/74 [centaur/arrow (3)]
  5942 | D:6      | Shot with an arrow by a centaur

Illustrated notes

Levels and vault maps discovered:
D:1:      heliophobic_arrival_glass_houses, layout_basic
D:2:      layout_basic, basic_altar
D:3:      layout_basic, basic_ecumenical_altar
D:4:      layout_layer_cave, gammafunk_temple_of_torment, hangedman_glass_teeth,
          uniq_grinder
D:5:      layout_basic, fedhas_altar_2, nicolae_elyvilon_temple_path, uniq_ijyb,
          uniq_pikel
D:6:      layout_rooms, temple_statues, minmay_divided_ellipse

Skill      XL: |  1  2  3  4  5  6  7  8 |
---------------+-------------------------+-----
Axes           | 3 4 5 6 7 8 10 | 10.3
Invocations    | 2 3 4 5 |  5.8
Fighting       | 4 5 |  5.0
Armour         | 4 5 |  5.0
Shields        | 4 6 |  6.3

Action                   |  1- 3 |  4- 6 |  7- 9 || total
-------------------------+-------+-------+-------++-------
Melee: War axe           |    78 |   159 |   151 ||   388
Invok: Heroism           |       |     1 |     2 ||     3
  Use: Scroll            |     4 |     1 |     5 ||    10
Armor: Scale mail        |    31 |    44 |    42 ||   117
Dodge: Dodged            |    25 |    56 |    65 ||   146
Block: Buckler           |    34 |    76 |    27 ||   137
       Reflection        |     2 |     1 |       ||     3

Table legend: (Time is in decaauts)
 A = Elapsed time spent in this place.
 B = Non-inter-level travel time spent in this place.
 C = Inter-level travel time spent in this place.
 D = Time resting spent in this place.
 E = Time spent auto-exploring this place.
 F = Levels seen in this place.
 G = Mean time per level.
                   A        B        C        D        E       F      G
               +--------+--------+--------+--------+--------+-----+--------+
         Total |   6013 |   5892 |    121 |      5 |   4955 |   6 | 1002.2 |
       Dungeon |   6013 |   5892 |    121 |      5 |   4955 |   6 | 1002.2 |
               +--------+--------+--------+--------+--------+-----+--------+

Top non-repeatable levels by time:
     D:5: 1399 daAuts
     D:4: 1252 daAuts
     D:2: 1240 daAuts
     D:1: 956 daAuts
     D:3: 848 daAuts
     D:6: 315 daAuts
